 Dungeon Crawl Stone Soup version 0.23.2-33-g5129a83184 (webtiles) character file.

Game seed: 9343028390210048026

43418 DildoBatman the Prestidigitator (level 14, 0/103 (106) HPs)
             Began as a Formicid Wizard on Aug 9, 2019.
             Was an Initiate of Gozag.
             Slain by a komodo dragon zombie (12 damage)
             ... animated by the malice of Kikubaaqudgha
             ... on level 5 of the Lair of Beasts on Aug 10, 2019.
             The game lasted 01:47:45 (21738 turns).

DildoBatman the Prestidigitator (Formicid Wizard)  Turns: 21738, Time: 01:47:46

HP:   0/103 (106)   AC: 16    Str: 12    XL:     14   Next: 60%
MP:   14/26         EV: 15    Int: 23    God:    Gozag
Gold: 2005          SH:  0    Dex: 15    Spells: 13/30 levels left

rFire    . . .     SeeInvis +   a - +8 rapier "Dragonslayer" {freeze, rPois}
rCold    . . .     Gourm    .   (no shield)
rNeg     . . .     Faith    .   o - +4 troll leather armour
rPois    +         Spirit   .   (helmet unavailable)
rElec    .         Reflect  .   R - +0 cloak
rCorr    .         Harm     .   i - +0 pair of gloves
MR       +....                  (no boots)
Stlth    +++.......             m - amulet of magic regeneration
HPRegen  0.67/turn              S - +6 ring of dexterity
MPRegen  0.45/turn              J - +4 ring of protection

@: no status effects
A: permanent stasis, dig shafts and tunnels, four strong arms, antennae 3
a: Dig, Shaft Self, Potion Petition, Call Merchant, Bribe Branch, Renounce
Religion


You were on level 5 of the Lair of Beasts.
You worshipped Gozag.
Gozag was most pleased with you.
You were full.

You visited 4 branches of the dungeon, and saw 19 of its levels.
You also visited: Ossuary.

You collected 2962 gold pieces.
You spent 520 gold pieces at shops.
You paid 437 gold pieces to Gozag.

Inventory:

Hand Weapons
 a - the +8 rapier "Dragonslayer" (weapon) {freeze, rPois}
   (You found it on level 4 of the Lair of Beasts)

   It has been specially enchanted to freeze those struck by it, causing extra
   injury to most foes and up to half again as much damage against particularly
   susceptible opponents.
   It can also slow down cold-blooded creatures.
   It protects you from poison.
 b - a +2 trident of freezing
Missiles
 h - 138 bolts
 j - 94 sling bullets
 E - 296 arrows
 L - a throwing net (quivered)
Armour
 i - a +0 pair of gloves (worn)
 o - a +4 troll leather armour (worn)
 O - the +3 hat of Pondering {ponderous, MR+ MP+10 Int+5}
   (You took it off Gastronok on level 3 of the Lair of Beasts)

   It affects your intelligence (+5).
   It affects your resistance to hostile enchantments.
   It affects your magic capacity (+10).
 R - a +0 cloak (worn)
 U - the +0 mask of the Dragon {MR+ Slay+3 SInv}
   (You found it on level 3 of the Lair of Beasts)

   It affects your accuracy and damage with ranged weapons and melee attacks
   (+3).
   It affects your resistance to hostile enchantments.
   It lets you see invisible.
Jewellery
 c - an uncursed ring of fire
 f - an uncursed ring of wizardry
 m - an amulet of magic regeneration (around neck)
 t - an uncursed ring of poison resistance
 J - a +4 ring of protection (right hand)
 S - a +6 ring of dexterity (left hand)
Wands
 e - a wand of disintegration (8)
 A - a wand of acid (4)
 P - a wand of iceblast (7)
 T - a wand of flame (28)
Scrolls
 n - a scroll of acquirement {unknown}
 r - a scroll of fog {unknown}
 x - 7 scrolls of remove curse
 y - 2 scrolls of amnesia
 z - a scroll of identify
 B - 2 scrolls of holy word {unknown}
 C - 2 scrolls of magic mapping
 G - a scroll of fear {unknown}
 H - 2 scrolls of random uselessness {unknown}
 K - 2 scrolls of enchant weapon {unknown}
 Q - a scroll of vulnerability {unknown}
Potions
 d - 4 potions of curing
 k - 8 potions of flight
 l - 4 potions of brilliance
 p - 4 potions of agility
 q - 3 potions of might
 s - a potion of cancellation {unknown}
 w - a potion of haste {unknown}
 D - a potion of invisibility {unknown}
 I - 2 potions of degeneration {unknown}
 N - a potion of mutation {unknown}
Miscellaneous
 M - a sack of spiders
Comestibles
 v - 19 rations


   Skills:
 * Level 8.9 Fighting
 * Level 3.1 Short Blades
   Level 1.0 Maces & Flails
 - Level 4.0 Polearms
 * Level 8.3 Armour
 * Level 6.2 Dodging
 - Level 6.6 Stealth
 * Level 8.6 Spellcasting
 - Level 6.0 Conjurations
 - Level 5.1 Charms
   Level 1.0 Summonings
 * Level 9.2 Necromancy
   Level 0.8 Translocations
 - Level 4.1 Fire Magic
 - Level 4.2 Air Magic
 - Level 8.0 Poison Magic
 - Level 10.1 Evocations


You had 13 spell levels left.
You knew the following spells:

 Your Spells              Type           Power        Failure   Level  Hunger
a - Conjure Flame         Conj/Fire      ####....     3%          3    None
c - Magic Dart            Conj           ####         1%          1    None
d - Regeneration          Chrm/Necr      #####.....   1%          3    None
e - Mephitic Cloud        Conj/Pois/Air  #####...     1%          3    None
h - Dispel Undead         Necr           ######..     4%          5    #####..
z - Sublimation of Blood  Necr           ######....   1%          2    None

Your spell library contained the following spells:

 Spells                   Type           Power        Failure   Level  Hunger
 Animate Skeleton         Necr           N/A          1%          1    None
 Pain                     Necr           ####         1%          1    None
 Corpse Rot               Necr           N/A          1%          2    None
 Vampiric Draining        Necr           ######....   1%          3    None
 Animate Dead             Necr           N/A          1%          4    ##.....
 Spider Form              Tmut/Pois      ####......   4%          3    None
 Agony                    Necr           ######..     4%          5    #####..
 Call Imp                 Summ           ##......     8%          2    None
 Beastly Appendage        Tmut           #.....       9%          1    None
 Bolt of Draining         Conj/Necr      #####.....   10%         5    #####..
 Slow                     Hex            #.......     12%         2    None
 Sticks to Snakes         Tmut           #.......     12%         2    None
 Excruciating Wounds      Chrm/Necr      #####.....   12%         5    #####..
 Ice Form                 Ice/Tmut       #.......     63%         4    ##.....
 Blade Hands              Tmut           #.........   92%         5    #####..
 Haunt                    Necr/Summ      ####......   100%        7    #######
 Borgnjor's Revivificati  Necr           ######....   100%        8    #######
 Death's Door             Chrm/Necr      #####.....   100%        8    #######
 Infestation              Necr           ######....   100%        8    #######
 Necromutation            Tmut/Necr      ####......   100%        8    #######
 Blink                    Tloc           Unusable     N/A         2    N/A

Dungeon Overview and Level Annotations

Branches:
Dungeon (11/15)            Temple (1/1) D:7            Lair (5/6) D:11
  Swamp (0/4) Lair:2       Spider (0/4) Lair:4          Orc (2/2) D:10
    Elf (0/3) Orc:2
  Slime: Lair:5-6

Altars:
Ashenzari
Cheibriados
Dithmenos
Elyvilon
Fedhas
Gozag
Hepliaklqana
Kikubaaqudgha
Makhleb
Nemelex Xobeh
Okawaru
Qazlal
Ru
Sif Muna
Trog
Uskayaw
Vehumet
Wu Jian
Xom
Yredelemnul
Zin
The Shining One
Beogh

Shops:
Orc:2 =[((


Innate Abilities, Weirdness & Mutations

You cannot be hasted, slowed, berserked, paralysed or teleported.
You can dig through walls and to a lower floor.
Your four strong arms can wield two-handed weapons with a shield.
You have a pair of large antennae on your head. (SInv)


Message History

The spiny frog zombie is severely damaged.
The spiny frog zombie is engulfed in blazing flames.
The spiny frog zombie misses you.
The komodo dragon zombie is engulfed in blazing flames.
The komodo dragon zombie bites you but does no damage.
You hit the spiny frog zombie.
The spiny frog zombie is almost destroyed.
The komodo dragon zombie closely misses you.
The spiny frog zombie is engulfed in blazing flames.
You destroy the spiny frog zombie!
That felt strangely unrewarding.
Casting: Conjure Flame (safe; 3% risk of failure)
Confirm with . or Enter, or press ? or * to list all spells.
Aiming: Conjure Flame (safe; 3% risk of failure)
Press: ? - help, Dir - move target cursor The fire ignites!
The komodo dragon zombie is engulfed in blazing flames.
The komodo dragon zombie bites you! x2
You die...
Your body crumbles into a pile of gold.

.........#.....###......
.......P...............
.##.....+.............
#....#####.#..#......
######....#.#..#.##.......
S......§§.P.#.#.####......
.........§................
........Z§Z...............
.........@§...............
..........................
..........................
#..#...PP...##.#....#.....
######.##...##...#.##.....
.##.....#....###..... ..
#....###....#...... ..
##....##....#.....#
#....##....##......


You could see 2 komodo dragon zombies.

Vanquished Creatures
  Gastronok (Lair:3)
  An orc warlord (Orc:1)
  4 hydras
  A fire dragon (Lair:4)
  A catoblepas (Lair:2)
  4 two-headed ogres
  3 death yaks (Lair:4)
  An orc high priest (Orc:2)
  An orc knight (Orc:1)
  5 orc sorcerers
  2 cyclopes
  A black mamba (Lair:2)
  Joseph (D:7)
  A torpor snail (Lair:2)
  2 gargoyles
  A catoblepas zombie (Lair:4)
  10 spiny frogs
  A rime drake (Lair:3)
  A death yak skeleton (Lair:2)
  A komodo dragon (Lair:4)
  2 hydra zombies
  3 trolls
  2 hornets
  Grinder (D:2)
  14 blink frogs
  Prince Ribbit (D:7)
  2 hydra skeletons (Lair:2)
  3 bog bodies (Lair:2)
  A slime creature (D:11)
  2 dream sheep (Lair:2)
  5 hippogriffs
  A shadow (D:11)
  Sigmund (D:1)
  A wraith (Ossuary)
  3 redbacks (Lair:4)
  2 black mamba zombies
  A spriggan (D:10)
  A wyvern (D:8)
  Eustachio (D:5)
  24 yaks
  The ghost of Sylven the Shooter, an amateur CeHu of Fedhas (D:4)
  2 black mamba skeletons
  Menkaure (D:5)
  2 swamp worms (Lair:2)
  3 wargs
  5 water moccasins
  3 spiny frog zombies
  6 porcupines
  28 orc warriors
  6 black bears
  3 ice beasts
  An eye of draining (D:10)
  A necrophage (D:8)
  2 phantoms
  12 ogres
  A rime drake zombie (Lair:2)
  10 wolves
  5 centaurs
  A blink frog skeleton (Lair:1)
  7 crocodiles
  A big kobold (D:8)
  Blork the orc (D:5)
  A komodo dragon zombie (Lair:2)
  21 bullfrogs
  A komodo dragon skeleton (Lair:2)
  4 water moccasin zombies
  A wyvern skeleton (Lair:2)
  5 scorpions
  9 killer bees
  A polar bear zombie (Lair:2)
  2 yak zombies
  6 wights (D:11)
  A yak skeleton (Lair:1)
  4 howler monkeys
  2 electric eels
  A polar bear skeleton (Lair:2)
  3 crimson imps
  3 bullfrog zombies
  6 hounds
  37 orc wizards
  5 bullfrog skeletons
  27 orc priests
  A basilisk zombie (Lair:4)
  3 jellies
  2 centaur skeletons
  2 porcupine zombies (Lair:2)
  Jessica (D:3)
  9 worker ants
  Ijyb (D:3)
  Natasha (thrice) (D:2)
  5 iguanas
  Terence (D:1)
  A porcupine skeleton (Lair:2)
  A killer bee zombie (D:10)
  3 crocodile skeletons
  A hound zombie (D:8)
  A hound skeleton (D:4)
  4 mummies
  Robin (D:1)
  2 worker ant zombies
  4 gnolls (D:6)
  7 adders
  4 shadow imps
  3 adder skeletons
  An adder zombie (D:6)
  4 dart slugs
  6 leopard geckos
  80 orcs
  3 giant cockroaches
  2 gnoll zombies (Ossuary)
  15 goblins
  4 hobgoblins
  6 jackals
  7 quokkas
  A ball python (D:7)
  2 bats (D:2)
  4 frilled lizards
  5 goblin zombies (Ossuary)
  4 hobgoblin zombies (Ossuary)
  11 kobolds
  A kobold zombie (Ossuary)
  3 leopard gecko skeletons
  8 rats
  A plant (D:11)
584 creatures vanquished.

Vanquished Creatures (others)
  An orc wizard (Orc:2)
  An orc (Orc:2)
  5 fungi
7 creatures vanquished.

Grand Total: 591 creatures vanquished

Notes
Turn   | Place    | Note
-------+----------+-------------------------------------------
     0 | D:1      | DildoBatman the Formicid Wizard began the quest for the
                  | Orb.
     0 | D:1      | Reached XP level 1. HP: 13/13 MP: 4/4
    83 | D:1      | Reached skill level 1 in Conjurations
   297 | D:1      | Reached XP level 2. HP: 19/19 MP: 4/6
   788 | D:2      | Noticed Terence
   945 | D:2      | Reached XP level 3. HP: 24/24 MP: 3/7
   950 | D:2      | Learned a level 3 spell: Conjure Flame
   954 | D:2      | Learned a level 3 spell: Mephitic Cloud
  1111 | D:2      | Identified the cursed +0 helmet of the Amoeba {rF+}
  1111 | D:2      | Noticed Robin
  1164 | D:2      | HP: 1/24 [cloud of noxious fumes (2)]
  1468 | D:2      | Noticed Sigmund
  1692 | D:2      | Reached XP level 4. HP: 30/30 MP: 5/8
  2169 | D:3      | Noticed Jessica
  2192 | D:3      | Noticed Ijyb
  2249 | D:3      | Noticed Natasha
  2354 | D:3      | You fall through a shaft for 2 floors!
  2354 | D:5      | Entered Level 5 of the Dungeon
  2413 | D:5      | Noticed a phantom
  2459 | D:5      | Reached XP level 5. HP: 35/35 MP: 2/9
  2553 | D:5      | Noticed Blork the orc
  2565 | D:5      | Found a sand-covered staircase.
  2607 | D:5      | Reached skill level 1 in Maces & Flails
  2652 | D:5      | Reached skill level 1 in Fire Magic
  2708 | D:5      | Reached XP level 6. HP: 29/41 MP: 2/10
  2764 | Ossuary  | Entered an ossuary
  2764 | Ossuary  | Noticed a wraith
  2764 | Ossuary  | Noticed a wraith
  2764 | Ossuary  | Noticed a wraith
  2868 | Ossuary  | Noticed a wraith
  2917 | Ossuary  | Killed a wraith
  3042 | Ossuary  | Reached XP level 7. HP: 46/46 MP: 6/11
  3436 | D:4      | Reached skill level 5 in Conjurations
  3733 | D:4      | Found a runed translucent gate.
  3733 | D:4      | Found a runed translucent gate.
  3734 | D:4      | Found a runed translucent gate.
  3887 | D:4      | Noticed Sylven's ghost (amateur CeHu)
  4334 | D:6      | Reached skill level 5 in Stealth
  4399 | D:6      | Reached XP level 8. HP: 52/52 MP: 5/12
  4588 | D:7      | Found a stormy altar of Qazlal.
  4687 | D:7      | Noticed Prince Ribbit
  4718 | D:7      | Noticed a spriggan baker
  4884 | D:7      | Noticed Joseph
  5483 | D:7      | Found a staircase to the Ecumenical Temple.
  5496 | Temple   | Entered the Ecumenical Temple
  5739 | Temple   | Became a worshipper of Kikubaaqudgha
  5851 | D:7      | Killed Prince Ribbit
  5851 | D:7      | Reached skill level 1 in Air Magic
  6136 | D:6      | Noticed a four-headed hydra
  6205 | D:5      | Reached XP level 9. HP: 49/57 MP: 8/13
  6276 | D:5      | Noticed Menkaure
  6287 | D:5      | Killed Menkaure
  6324 | D:5      | Reached skill level 5 in Poison Magic
  6500 | D:5      | Noticed Eustachio
  6544 | D:5      | Killed Blork the orc
  6573 | D:5      | Killed Eustachio
  6788 | D:4      | Reached * piety under Kikubaaqudgha
  6788 | D:4      | Identified Kikubaaqudgha's Compendium of Evil
                  | (Kikubaaqudgha gifted it to you on level 4 of the Dungeon)
  6788 | D:4      | Received a gift from Kikubaaqudgha
  6807 | D:4      | Learned a level 3 spell: Regeneration
  6810 | D:4      | Learned a level 2 spell: Sublimation of Blood
  6978 | D:3      | Killed Ijyb
  7013 | D:3      | Noticed Grinder
  7048 | D:2      | Killed Grinder
  7151 | D:2      | Killed Natasha
  7214 | D:1      | Killed Sigmund
  7302 | D:1      | Killed Robin
  7349 | D:1      | Killed Terence
  7621 | D:2      | Noticed Natasha
  7625 | D:2      | Killed Natasha
  7738 | D:2      | Noticed Natasha
  7742 | D:2      | Killed Natasha
  8046 | D:3      | Killed Jessica
  8387 | D:6      | Reached skill level 1 in Evocations
  8387 | D:6      | Reached XP level 10. HP: 63/63 MP: 14/17
  8766 | D:7      | Killed Joseph
  8766 | D:7      | Reached skill level 5 in Spellcasting
  8766 | D:7      | Reached skill level 2 in Evocations
  8825 | D:8      | Reached skill level 3 in Evocations
  8899 | D:8      | Reached ** piety under Kikubaaqudgha
  8899 | D:8      | Reached skill level 4 in Evocations
  8965 | D:8      | Reached skill level 5 in Evocations
  9173 | D:8      | Reached skill level 6 in Evocations
  9237 | D:8      | Reached skill level 1 in Fighting
  9237 | D:8      | Reached skill level 1 in Armour
  9612 | D:8      | Reached skill level 1 in Charms
  9612 | D:8      | Reached skill level 1 in Necromancy
 10699 | D:9      | Reached *** piety under Kikubaaqudgha
 10699 | D:9      | Identified Kikubaaqudgha's Handbook of Dark Secrets
                  | (Kikubaaqudgha gifted it to you on level 9 of the Dungeon)
 10699 | D:9      | Received a gift from Kikubaaqudgha
 10729 | D:9      | Found a bloodstained altar of Trog.
 10778 | D:9      | Noticed a two-headed ogre
 10792 | D:9      | Reached XP level 11. HP: 71/71 MP: 9/19
 10843 | D:9      | Killed a two-headed ogre
 10949 | D:9      | Reached skill level 5 in Charms
 10949 | D:9      | Reached skill level 5 in Necromancy
 10969 | D:9      | Noticed a two-headed ogre
 10992 | D:9      | Killed a two-headed ogre
 11306 | D:10     | Entered Level 10 of the Dungeon
 11639 | D:10     | Noticed a two-headed ogre
 11688 | D:10     | Killed a two-headed ogre
 11688 | D:10     | Reached skill level 1 in Polearms
 11691 | D:10     | Found a staircase to the Orcish Mines.
 11753 | D:10     | Reached **** piety under Kikubaaqudgha
 12378 | D:11     | Noticed a two-headed ogre
 12396 | D:11     | Killed a two-headed ogre
 12487 | D:11     | Reached XP level 12. HP: 84/84 MP: 4/20
 12562 | D:11     | Reached skill level 5 in Armour
 12588 | D:11     | Reached skill level 5 in Fighting
 12590 | D:11     | Found a staircase to the Lair.
 12981 | D:11     | Reached ***** piety under Kikubaaqudgha
 13561 | Orc:1    | Entered Level 1 of the Orcish Mines
 13858 | Orc:1    | Noticed an orc warlord
 13902 | Orc:1    | Killed an orc warlord
 13902 | Orc:1    | Reached skill level 7 in Evocations
 14068 | Orc:1    | Reached skill level 8 in Evocations
 14261 | Orc:2    | Entered Level 2 of the Orcish Mines
 14582 | Orc:2    | Found a roughly hewn altar of Beogh.
 14640 | Orc:2    | Reached skill level 9 in Evocations
 14659 | Orc:2    | Found a staircase to the Elven Halls.
 14796 | Orc:2    | Noticed an orc high priest
 14911 | Orc:2    | Killed an orc high priest
 14911 | Orc:2    | Reached XP level 13. HP: 70/94 MP: 14/22
 14938 | Orc:2    | Reached skill level 10 in Evocations
 14949 | Orc:2    | Reached ****** piety under Kikubaaqudgha
 14959 | Orc:1    | Received a gift from Kikubaaqudgha
 15083 | Temple   | Fell from the grace of Kikubaaqudgha
 15083 | Temple   | Became a worshipper of Gozag Ym Sagoz the Greedy
 15725 | Orc:2    | Found Hieloceg's Antique Armour Emporium.
 15725 | Orc:2    | Found Miatud's Weapon Shoppe.
 15726 | Orc:2    | Found Vaileniq's Antique Weapon Shoppe.
 15729 | Orc:2    | Found Paff's Jewellery Emporium.
 15952 | Orc:2    | Bought an encrusted troll leather armour for 520 gold
                  | pieces
 15963 | Orc:2    | Identified the cursed +0 troll leather armour of Depression
                  | {rPois Regen+ Int+3} (You bought it in a shop on level 2 of
                  | the Orcish Mines)
 16166 | D:6      | Killed a four-headed hydra
 16244 | D:4      | Learned a level 5 spell: Dispel Undead
 16261 | D:4      | Killed Sylven's ghost
 16482 | Lair:1   | Entered Level 1 of the Lair of Beasts
 17368 | Lair:2   | Noticed an eight-headed hydra
 17378 | Lair:2   | Killed an eight-headed hydra
 17849 | Lair:2   | Found a staircase to the Swamp.
 18098 | Lair:2   | Noticed a catoblepas
 18229 | Lair:2   | Killed a catoblepas
 18229 | Lair:2   | Reached skill level 5 in Dodging
 19207 | Lair:3   | Noticed Gastronok
 19218 | Lair:3   | Killed Gastronok
 19218 | Lair:3   | Reached XP level 14. HP: 65/102 MP: 21/25
 19355 | Lair:3   | Found the +0 mask of the Dragon {MR+ Slay+3 SInv}
 19577 | Lair:4   | Got a brightly glowing rapier
 19589 | Lair:4   | Identified the +8 rapier "Dragonslayer" {freeze, rPois}
                  | (You found it on level 4 of the Lair of Beasts)
 19741 | Lair:4   | Reached skill level 1 in Short Blades
 19996 | Lair:4   | Found a hole to the Spider Nest.
 21738 | Lair:5   | Slain by a komodo dragon zombie

Skill      XL: |  1  2  3  4  5  6  7  8  9 10 11 12 13 14 |
---------------+-------------------------------------------+-----
Conjurations   | 1 2 3 4 5 6 |  6.0
Maces & Flails | 1 |  1.0
Fire Magic     | 1 3 4 |  4.1
Stealth        | 3 5 6 |  6.6
Air Magic      | 2 4 |  4.2
Poison Magic   | 4 8 |  8.0
Spellcasting   | 4 5 6 7 8 |  8.6
Evocations     | 1 6 9 10 | 10.1
Dodging        | 2 3 5 6 |  6.2
Fighting       | 1 4 6 8 |  8.9
Armour         | 1 4 5 7 8 |  8.3
Charms         | 3 5 |  5.1
Necromancy     | 3 7 8 9 |  9.2
Polearms       | 1 2 4 |  4.0
Short Blades   | 3 |  3.1
Summonings     | |  1.0
Translocations | |  0.8

Action                   |  1- 3 |  4- 6 |  7- 9 | 10-12 | 13-15 || total
-------------------------+-------+-------+-------+-------+-------++-------
Melee: Unarmed           |     1 |       |       |       |       ||     1
       Short sword       |     4 |       |       |       |       ||     4
       Mace              |       |     4 |    44 |   171 |       ||   219
       Halberd           |       |       |       |    24 |       ||    24
       Trident           |       |       |       |   226 |   375 ||   601
       Rapier            |       |       |       |       |   186 ||   186
 Fire: Hunting sling     |       |    48 |    45 |       |       ||    93
 Cast: Magic Dart        |    80 |   124 |   281 |   548 |   147 ||  1180
       Mephitic Cloud    |     3 |     5 |    34 |    98 |    71 ||   211
       Conjure Flame     |       |     8 |    35 |    84 |    86 ||   213
       Regeneration      |       |       |       |    18 |    20 ||    38
       Dispel Undead     |       |       |       |       |     7 ||     7
Invok: Receive Necronomi |       |       |       |       |     1 ||     1
 Abil: Dig               |    10 |     8 |    14 |    23 |    34 ||    89
Evoke: Wand              |       |       |     5 |     6 |    27 ||    38
  Use: Scroll            |       |     6 |     2 |     4 |     8 ||    20
       Potion            |       |       |       |     1 |     1 ||     2
 Stab: Confused          |       |     2 |     4 |    36 |    38 ||    80
       Paralysed         |       |       |       |       |    13 ||    13
       Sleeping          |       |       |       |       |     2 ||     2
  Eat: Chunk             |     3 |     4 |    23 |    29 |       ||    59
       Ration            |       |     1 |       |       |    10 ||    11
Armor: Robe              |    15 |     8 |    30 |    24 |       ||    77
       Troll leather arm |       |       |       |   103 |   163 ||   266
Dodge: Dodged            |    36 |    17 |    56 |   230 |   328 ||   667
